 Dungeon Crawl Stone Soup version 0.30-a0-1094-g860fb061e7 (webtiles) character file.

Game seed: 3176260479945246872

85 microfolk the Grasshopper (level 4, -1/39 HPs)
             Began as an Armataur Warper on Apr 17, 2023.
             Slain by Natasha (6 damage)
             ... on level 2 of the Dungeon.
             The game lasted 00:03:39 (1415 turns).

microfolk the Grasshopper (Armataur Warper)         Turns: 1415, Time: 00:03:39

Health: -1/39      AC:  4    Str: 16    XL:     4   Next: 25%
Magic:  16/16      EV:  9    Int: 15    God:
Gold:   47         SH:  0    Dex: 10    Spells: 5/7 levels left

rFire   . . .      SeeInvis .    a - +0 mace
rCold   . . .      Faith    .    (no shield)
rNeg    . . .      Spirit   .    n - +0 leather armour
rPois   .          Reflect  .    (no helmet)
rElec   .          Roll     +    (no cloak)
rCorr   .                        (no gloves)
Will    .....                    (no barding)
Stlth   +                        (no amulet)
HPRegen 0.26/turn                l - ring of magical power
MPRegen 0.15/turn                (no ring)

@: no status effects
A: large, rugged brown scales 3, deformed body, armoured tail, roll, long
tongue, awkward tongue
a: no special abilities


You were on level 2 of the Dungeon.
You visited 1 branch of the dungeon, and saw 2 of its levels.

You collected 47 gold pieces.

Inventory:

Hand Weapons
 a - a +0 mace (weapon)
Missiles
 d - 7 boomerangs of dispersal
 e - 20 stones
 i - 6 poisoned darts (quivered)
Armour
 n - a +0 leather armour (worn)
Magical Staves
 j - a staff of fire
Jewellery
 l - a ring of magical power (left hand)
Scrolls
 b - a scroll of enchant armour {unknown}
 c - 2 scrolls of blinking
 g - a scroll of enchant weapon {unknown}
 h - 3 scrolls of amnesia {unknown}
 m - a scroll of immolation {unknown}
 o - a scroll of magic mapping {unknown}
Potions
 f - a potion of heal wounds {unknown}
 k - a potion of ambrosia {unknown}


   Skills:
 + Level 2.3 Fighting
 + Level 2.4 Maces & Flails
 - Level 0.8 Throwing
 - Level 1.2 Armour
 + Level 2.0 Dodging
 + Level 2.3 Spellcasting
 * Level 3.5 Translocations
 * Level 0.0 Air Magic


You had 5 spell levels left.
You knew the following spells:

 Your Spells              Type           Power      Damage    Failure   Level
a - Blink                 Tloc           24%        N/A       10%         2

Your spell library contained the following spells:

 Spells                   Type           Power      Damage    Failure   Level
 Lesser Beckoning         Tloc           24%        N/A       10%         2
 Teleport Other           Tloc           12%        N/A       19%         3
 Vhi's Electric Charge    Tloc/Air       14%        N/A       36%         3
 Manifold Assault         Tloc           12%        N/A       52%         4


Dungeon Overview and Level Annotations

Branches:
Dungeon (2/15)

Altars:

Annotations:
D:1 exclusion: downstairs
D:2 Natasha, Sigmund


Innate Abilities, Weirdness & Mutations

You are completely covered in rugged brown scales. (AC +3, +7% HP)
Armour fits poorly on your strangely shaped body.
You have a long armoured tail.
You roll when moving toward enemies. (Rampage)
Your long tongue fully drains potion bottles. (2x potion effects)
Your tongue gives you trouble enunciating. (1.5x scroll delay)


Message History

You hit Natasha but do no damage.
Natasha is moderately wounded.
Natasha barely misses you. Natasha claws you.
You barely miss Natasha.
Natasha is lightly wounded.
Natasha claws you but does no damage.
You closely miss Natasha.
Natasha is lightly wounded.
Natasha claws you.
You hit Natasha.
Natasha is moderately wounded.
Natasha mumbles some strange words.
Natasha closely misses you. The cerulean imp barely misses you.
Natasha attacks as you move away! Natasha barely misses you.
Natasha casts a spell at you. The magic dart hits you.
The cerulean imp hits you but does no damage.
You barely miss Natasha.
Natasha is moderately wounded.
Natasha claws you.
The cerulean imp hits you with a +2 spear.
* * * LOW HITPOINT WARNING * * *
You barely miss Natasha.
Your tail-slap misses Natasha.
Natasha is moderately wounded.
Natasha casts a spell at you. The magic dart hits you!
* * * LOW HITPOINT WARNING * * *
The cerulean imp hits you but does no damage.
You sock Natasha!
Natasha is severely wounded.
Natasha claws you.
* * * LOW HITPOINT WARNING * * *
The cerulean imp closely misses you.
You hit Natasha.
Your tail-slap misses Natasha.
Natasha is almost dead.
Natasha claws you but does no damage.
The cerulean imp hits you with a +2 spear.
* * * LOW HITPOINT WARNING * * *
Natasha claws you.
You die...

### #)# #.####
..###@# #....#
#.....# #.(..#
#.##### #....#
#@# #<...# #.#
####.###.### #.#
#....# ... #.#
#####....###.###
#<#
#(......h@..#
#.#
#.###...5..##
#.# #.......#
#.# #......##
#.# #.#....# ..#
#.##.#.# #.# #.
###.# #.# #. ...
#.# ## #.##


You could see Natasha and a cerulean imp (summoned).

Vanquished Creatures
  Natasha (twice) (D:2)
  An adder (D:2)
  A dart slug (D:1)
  2 endoplasms (D:1)
  2 giant cockroaches
  6 goblins
  3 hobgoblins (D:1)
  2 quokkas (D:1)
  A ball python (D:1)
  2 bats (D:1)
  A frilled lizard (D:1)
  A kobold (D:1)
  A rat (D:2)
25 creatures vanquished.

Notes
Turn   | Place    | Note
-------+----------+-------------------------------------------
     0 | D:1      | microfolk the Armataur Warper began the quest for the Orb.
     0 | D:1      | Reached XP level 1. HP: 18/18 MP: 3/3
   228 | D:1      | Reached XP level 2. HP: 18/25 MP: 4/4
   320 | D:1      | Learned a level 2 spell: Blink
   890 | D:2      | Reached XP level 3. HP: 12/31 MP: 6/6
  1099 | D:2      | Noticed Natasha
  1106 | D:2      | Killed Natasha
  1229 | D:2      | Noticed Sigmund
  1256 | D:2      | Noticed Natasha
  1304 | D:2      | Killed Natasha
  1305 | D:2      | Reached XP level 4. HP: 22/39 MP: 7/7
  1398 | D:2      | Noticed Natasha
  1415 | D:2      | Slain by Natasha

Illustrated notes

Levels and vault maps discovered:
D:1:      scummos_arrival_simple_crosswalls, layout_loops_ring
D:2:      layout_loops_ring, chequers_ecumenical_altar_twisty, uniq_robin,
          uniq_sigmund, uniq_natasha

Skill      XL: |  1  2  3  4 |
---------------+-------------+-----
Fighting       | 2 |  2.3
Maces & Flails | 2 |  2.4
Spellcasting   | 2 |  2.3
Dodging        | 2 |  2.0
Throwing       | |  0.8
Armour         | |  1.2
Translocations | |  3.5

Action                     |  1- 3 |  4- 6 || total
---------------------------+-------+-------++-------
  Melee: Mace              |    85 |    12 ||    97
         Tailslap          |     8 |     1 ||     9
         Punch             |       |     1 ||     1
  Throw: Dart              |    12 |     3 ||    15
 Armour: Leather armour    |    32 |     6 ||    38
  Dodge: Dodged            |    47 |     7 ||    54

Table legend: (Time is in decaauts)
 A = Elapsed time spent in this place.
 B = Non-inter-level travel time spent in this place.
 C = Inter-level travel time spent in this place.
 D = Time resting spent in this place.
 E = Time spent auto-exploring this place.
 F = Levels seen in this place.
 G = Mean time per level.
                   A        B        C        D        E       F      G
               +--------+--------+--------+--------+--------+-----+--------+
         Total |   1467 |   1366 |    101 |    291 |    727 |   2 |  733.5 |
       Dungeon |   1467 |   1366 |    101 |    291 |    727 |   2 |  733.5 |
               +--------+--------+--------+--------+--------+-----+--------+

Top non-repeatable levels by time:
     D:1: 967 daAuts
     D:2: 499 daAuts
